AoeStats
← BeLieb10

Golden Pit

509679436Analyzed
1v1 RM · 4d ago on Sep 27, 2026· 28m 45s· 2 players
Game mode
Random Map
Map size
Tiny (2 player)
Population
200
Speed
Normal
Resources
Standard
Victory
Conquest
Starting age
Dark Age
Ending age
Imperial Age
RankedLock teamsTeams togetherTeam positionsShared explorationLock speedFull tech treeHidden civsTurbo modeCheats
Victory
Defeat
🇺🇸 Mongols · United States
942
+15
🇦🇷 Lithuanians · Argentina
931
-15
BeLieb10
10:41 Feudal Age
11:08 Double-Bit Axe
12:19 Loom
15:11 Fletching
18:43 Forging
20:26 Town Watch
23:29 Castle Age
21:15 Horse Collar
22:55 Scale Mail Armor
23:01 Scale Barding Armor
23:32 Bloodlines
25:50 Bow Saw
StormBlessed
6:57 Loom
10:17 Feudal Age
12:04 Scale Barding Armor
12:10 Forging
17:52 Horse Collar
17:59 Double-Bit Axe
22:56 Castle Age
22:53 Bloodlines
25:13 Iron Casting
27:04 Husbandry
Connection lost

Rejoining the realm…

Still unreachable

The connection could not be restored.

Session expired

The server has moved on; the page needs a fresh start.